 Dungeon Crawl Stone Soup version 0.30.0-19-g36f170ea60 (webtiles) character file.

Game seed: 9177569765673000286

219 GloriousHammer the Changer (level 5, -1/40 HPs)
             Began as a Draconian Transmuter on May 29, 2023.
             Slain by a kobold brigand
             ... wielding a +0 dagger
              (8 damage)
             ... while paralysed by Grinder
             ... in a sewer.
             The game lasted 00:12:16 (3574 turns).

GloriousHammer the Changer (Draconian Transmuter)   Turns: 3574, Time: 00:12:16

Health: -1/40      AC:  2    Str: 12    XL:     5   Next: 63%
Magic:  5/9        EV:  5    Int: 15    God:
Gold:   69         SH:  0    Dex: 17    Spells: 0/10 levels left

rFire   . .          .
                       - Unarmed
rCold   . . .        (shield currently unavailable)
rNeg    . . .        (body armour unavailable)
rPois   x            (helmet currently unavailable)
rElec   .            (cloak currently unavailable)
rCorr   .            (gloves currently unavailable)
SInv    .            (boots currently unavailable)
Will    .....        (no amulet)
Stlth   ++           (no ring)
HPRegen 0.26/turn    (no ring)
MPRegen 0.11/turn

%: no passive effects
@: paralysed, about to teleport, spider-form (expiring), wereblooded
A: venomous fangs, AC +5, tiny, unfitting armour, (cold-blooded)
a: End Transformation


You were in a sewer.
You were a venomous arachnid creature.
You visited 1 branch of the dungeon, and saw 3 of its levels.
You also visited: Sewer.

You collected 124 gold pieces.
You spent 55 gold pieces at shops.

Inventory:

Scrolls
 b - a scroll of immolation
 c - a scroll of fog
 e - 3 scrolls of teleportation
 f - a scroll of magic mapping {unknown}
 h - a scroll of enchant weapon {unknown}
 k - a scroll of vulnerability {unknown}
Potions
 a - a potion of lignification
 d - a potion of heal wounds {unknown}
 g - a potion of flight {unknown}
 i - a potion of attraction {unknown}
 j - a potion of degeneration {unknown}


   Skills:
 - Level 1.1 Fighting
 - Level 1.7 Dodging
 + Level 3.9 Unarmed Combat
 + Level 3.0 Spellcasting
 * Level 4.3 Transmutations
 + Level 1.3 Poison Magic


You couldn't memorise any spells.
You knew the following spells:

 Your Spells              Type           Power      Damage    Failure   Level
a - Beastly Appendage     Tmut           30%        N/A       11%         1
b - Spider Form           Tmut/Pois      10%        N/A       38%         3
c - Wereblood             Tmut           15%        N/A       14%         2
d - Ice Form              Ice/Tmut       8%         N/A       82%         4

Your spell library contained the following spells:

 Spells                   Type           Power      Damage    Failure   Level
 Summon Small Mammal      Summ           8%         N/A       41%         1
 Call Canine Familiar     Summ           2%         N/A       73%         3
 Gell's Gravitas          Tloc           2%         N/A       73%         3
 Portal Projectile        Hex/Tloc       4%         N/A       73%         3
 Summon Guardian Golem    Hex/Summ       2%         N/A       73%         3
 Teleport Other           Tloc           2%         N/A       73%         3
 Leda's Liquefaction      Hex/Erth       1%         N/A       97%         4
 Dispersal                Tloc           1%         N/A       100%        6


Dungeon Overview and Level Annotations

Branches:
Dungeon (3/15)              Sewer (1/1)

Altars:

Shops:
D:1 (?[[

Annotations:
Sewer Grinder


Innate Abilities, Weirdness & Mutations

You are a venomous arachnid creature.
You have venomous fangs.
You are tiny and dextrous.
Your spellcasting is less reliable in this form.
Your armour is entirely melded.
You are incapable of wielding weapons or throwing items.
((Your plain brown scales are hard. (AC +5)))
You cannot fit into any form of body armour.
((You are cold-blooded and may be slowed by cold attacks.))


Message History

You barely miss the ufetubus.
You claw the ufetubus, but do no damage.
Your tail-slap misses the ufetubus.
The ufetubus is heavily wounded.
You howl as the wereblood boils in your veins!
The ufetubus barely misses you.
The ufetubus hits you but does no damage. x2
The ufetubus barely misses you.
You hit the ufetubus.
The ufetubus is severely wounded.
The ufetubus misses you. The ufetubus closely misses you.
The ufetubus barely misses you.
The ufetubus hits you but does no damage.
The ufetubus barely misses you. x2; The ufetubus hits you.
The ufetubus closely misses you.
Unknown command.
You hit the ufetubus.
You feel a bit better.
You kill the ufetubus!
Your horns disappear.
Your talons disappear.
The ufetubus hits you. x2
You hit the ufetubus.
You feel a bit better.
You kill the ufetubus!
You howl as the wereblood boils in your veins!
Magic restored.
You howl as the wereblood boils in your veins!
Your primal bloodlust is almost over.
You howl as the wereblood boils in your veins!
Your primal bloodlust has ended.
HP restored.
You enter the shallow water.
Moving in this stuff is going to be slow.
An ufetubus comes into view.
The ufetubus moves out of view.
The ufetubus shouts!
An ufetubus comes into view.
The ufetubus shouts!
Casting: Wereblood (safe; 5% risk of failure)
Confirm with . or Enter, or press ? or * to list all spells.
You grow a pair of large bovine horns.
Your feet morph into talons.
The ufetubus hits you. x2
The ufetubus hits you but does no damage.
The ufetubus barely misses you.
You hit the ufetubus but do no damage. The ufetubus hits you.
The ufetubus misses you.
You closely miss the ufetubus. Your kick misses the ufetubus.
The ufetubus closely misses you. x2
You hit the ufetubus.
You claw the ufetubus, but do no damage.
Your headbutt misses the ufetubus.
The ufetubus is lightly wounded.
The ufetubus closely misses you.
The ufetubus hits you but does no damage.
The ufetubus closely misses you. The ufetubus barely misses you.
You barely miss the ufetubus.
The ufetubus is lightly wounded.
The ufetubus hits you. The ufetubus barely misses you.
You barely miss the ufetubus.
You headbutt the ufetubus, but do no damage.
The ufetubus is lightly wounded.
The ufetubus closely misses you. x2; The ufetubus hits you.
The ufetubus hits you but does no damage.
You miss the ufetubus. Your headbutt misses the ufetubus.
The ufetubus is lightly wounded.
The ufetubus barely misses you.
The ufetubus hits you but does no damage. x2
The ufetubus barely misses you. x3
You hit the ufetubus. You claw the ufetubus.
You kill the ufetubus!
Your transformation is almost over.
The ufetubus barely misses you. x2
You hit the ufetubus. You headbutt the ufetubus.
You kill the ufetubus!
Your Spellcasting skill increases to level 3!
Your horns disappear.
Your talons disappear.
You start resting.
HP restored.
You start waiting.
An ufetubus comes into view.
There is an open door here.
Casting: Beastly Appendage (safe; 3% risk of failure)
Confirm with . or Enter, or press ? or * to list all spells.
You grow a pair of large bovine horns.
Your feet morph into talons.
You hit the ufetubus. Your kick misses the ufetubus.
Your tail-slap misses the ufetubus.
The ufetubus is almost dead.
The ufetubus hits you.
The ufetubus hits you but does no damage.
You barely miss the ufetubus. You claw the ufetubus.
You kill the ufetubus!
You enter the shallow water.
Moving in this stuff is going to be slow.
Your transformation is almost over.
You start waiting.
Your horns disappear.
Your talons disappear.
Done waiting.
You start waiting.
An ufetubus comes into view.
Casting: Beastly Appendage (safe; 3% risk of failure)
Confirm with . or Enter, or press ? or * to list all spells.
Okay, then.
This spell is extremely dangerous to cast!
Memorise Ice Form, consuming 4 spell levels and leaving 0?
You start memorising the spell.
You continue memorising. x4
You finish memorising.
Spell assigned to 'd'.
Casting: Beastly Appendage (safe; 3% risk of failure)
Confirm with . or Enter, or press ? or * to list all spells.
Okay, then.
The ufetubus shouts!
The ufetubus hits you but does no damage. x2
You hit the ufetubus. You punch the ufetubus.
You kill the ufetubus!
Casting: Beastly Appendage (safe; 3% risk of failure)
Confirm with . or Enter, or press ? or * to list all spells.
You grow a pair of large bovine horns.
Your feet morph into talons.
A giant cockroach and a kobold brigand come into view.
The kobold brigand is wielding a +0 dagger and quivering poisoned darts.
Found a burning altar of Makhleb.
A kobold and a bat come into view.
The kobold brigand shouts!
A bat comes into view.
An ufetubus comes into view.
The bat moves out of view.
The ufetubus shouts!
You hit the giant cockroach.
Your headbutt misses the giant cockroach.
The giant cockroach is heavily wounded.
You hear a shout!
The giant cockroach closely misses you.
Casting: Beastly Appendage (safe; 3% risk of failure)
Confirm with . or Enter, or press ? or * to list all spells.
Your blood is infused with primal strength.
The giant cockroach barely misses you.
You hit the giant cockroach. You tail-slap the giant cockroach.
You kill the giant cockroach!
The bat misses you.
You closely miss the bat. You headbutt the bat, but do no damage.
The bat misses you. The bat hits you but does no damage.
The kobold brigand throws a poisoned dart.
The poisoned dart misses you.
A kobold comes into view. It is wielding a +0 short sword.
You barely miss the bat. You claw the bat.
You kill the bat!
The bat closely misses you. x2
You hit the bat. Your kick misses the bat. You tail-slap the bat.
You kill the bat!
You howl as the wereblood boils in your veins!
The ufetubus hits you but does no damage.
The ufetubus closely misses you.
You closely miss the ufetubus. You claw the ufetubus!
You kill the ufetubus!
You hit the kobold. Your punch misses the kobold.
The kobold is moderately wounded.
The kobold brigand throws a poisoned dart.
The poisoned dart hits you!
You are poisoned.
You barely miss the kobold. You tail-slap the kobold.
You kill the kobold!
Your transformation is almost over.
You feel sick.
Casting: Wereblood (safe; 4% risk of failure)
Confirm with . or Enter, or press ? or * to list all spells.
Your horns disappear.
Your talons disappear.
You turn into a venomous arachnid creature.
You feel sick.
The kobold brigand hits you with a +0 dagger!
You barely miss the kobold brigand.
You feel sick.
You hit the kobold brigand but do no damage.
The kobold brigand is poisoned.
You feel sick.
The kobold brigand hits you with a +0 dagger!
The kobold hits you with a +0 short sword.
You hit the kobold brigand.
The kobold brigand is moderately wounded.
You feel sick. The kobold brigand misses you.
Grinder comes into view.
The kobold closely misses you.
You bite the kobold!
You feel a bit better.
You kill the kobold!
Grinder says, "Are you a fish?"
The kobold brigand hits you with a +0 dagger.
You bite the kobold brigand!
The kobold brigand is heavily wounded.
You hiss as the wereblood boils in your veins!
Your transformation is almost over.
You feel sick.
You are no longer poisoned.
The kobold brigand barely misses you.
As you read the scroll of teleportation, it crumbles to dust.
You feel strangely unstable.
The kobold brigand hits you with a +0 dagger.
Unknown command.
You barely miss the kobold brigand.
The kobold brigand is heavily wounded.
Grinder gestures at you.
You suddenly lose the ability to move!
The kobold brigand hits you with a +0 dagger.
* * * LOW HITPOINT WARNING * * *
The kobold brigand hits you with a +0 dagger.
* * * LOW HITPOINT WARNING * * *
Grinder barely misses you.
The kobold brigand hits you with a +0 dagger!
You die...

≈≈≈≈≈≈≈≈≈≈≈..#..≈#
≈≈≈≈≈≈≈≈≈≈≈..#.~~# ..~
≈≈≈≈≈≈≈≈≈≈~~.#.~≈# ..≈
≈≈≈≈≈≈≈≈≈≈≈..#..~# '''#
≈≈≈~≈≈~≈≈.... .~≈# .....
≈##~##~###.####.###..§..
...........≈≈#...#.....§
...)......≈≈≈≈..K5.§._..
...........≈≈#..s#.....
#≈#~≈###≈#.####.## .§.
~≈~≈≈≈≈≈≈~...#..≈# .
≈≈≈≈≈≈≈≈≈≈~..#.~≈#
≈≈≈≈≈≈≈≈≈≈~~.#.~≈#
≈≈≈≈≈≈≈≈≈≈≈~.#.~≈#
≈≈≈≈≈≈≈≈≈≈≈~.#.~≈#
≈≈≈≈≈≈≈≈~~.'.~≈#
###############~##


You could see Grinder and a kobold brigand (poisoned).

Vanquished Creatures
  4 gnolls
  3 adders
  A shadow imp (Sewer)
  8 ufetubi (Sewer)
  A worm (D:3)
  A dart slug (D:2)
  5 orcs (D:3)
  7 ball pythons
  10 bats
  A bat zombie (Sewer)
  7 endoplasms
  11 giant cockroaches
  6 goblins
  4 hobgoblins
  2 jackals (D:1)
  2 quokkas
  2 frilled lizards (D:2)
  12 kobolds
  9 rats
96 creatures vanquished.

Vanquished Creatures (others)
  A giant cockroach zombie (Sewer)
1 creature vanquished.

Grand Total: 97 creatures vanquished

Notes
Turn   | Place    | Note
-------+----------+-------------------------------------------
     0 | D:1      | GloriousHammer the Draconian Transmuter began the quest for
                  | the Orb.
     0 | D:1      | Reached XP level 1. HP: 16/16 MP: 3/3
   133 | D:1      | Found Xaut's Antique Armour Shop.
   234 | D:1      | Found Carphe's Antique Weapon Shoppe.
   275 | D:1      | Reached XP level 2. HP: 23/23 MP: 3/5
   446 | D:1      | Found Umoiz's Armour Shop.
   894 | D:1      | Found Vazy's Magic Scroll Emporium.
   902 | D:1      | Bought a scroll of teleportation for 33 gold pieces
   902 | D:1      | Bought a scroll of identify for 22 gold pieces
   972 | D:1      | Reached XP level 3. HP: 28/28 MP: 4/6
  1034 | D:1      | Reached skill level 3 in Transmutations
  1650 | D:1      | Learned a level 3 spell: Spider Form
  1664 | D:1      | Reached XP level 4. HP: 19/35 MP: 7/7
  2047 | D:2      | Learned a level 2 spell: Wereblood
  3019 | D:3      | Reached XP level 5. HP: 40/40 MP: 9/9
  3075 | D:3      | Found a glowing drain.
  3101 | D:3      | Reached skill level 4 in Transmutations
  3101 | D:3      | Reached skill level 1 in Poison Magic
  3149 | Sewer    | Entered a sewer
  3545 | Sewer    | Learned a level 4 spell: Ice Form
  3552 | Sewer    | Found a burning altar of Makhleb.
  3568 | Sewer    | Noticed Grinder
  3572 | Sewer    | Paralysed by Grinder for 5 turns
  3574 | Sewer    | Slain by a kobold brigand

Illustrated notes

Levels and vault maps discovered:
D:1:      onia_arrival_handbag, layout_basic, serial_shops, nicolae_shop_stone,
          nicolae_shop_tiny_glass, nicolae_shop_peninsula,
          nicolae_shop_waterfront, dk_noncrumbling_2, minmay_worlds_worst_comb
D:2:      layout_basic, small_statue_intersection
D:3:      layout_rooms, portal_sewer_entry_d
Sewer:    kennysheep_sewer_church

Skill      XL: |  1  2  3  4  5 |
---------------+----------------+-----
Transmutations | 3 4 |  4.3
Poison Magic   | 1 |  1.3
Spellcasting   | 3 |  3.0
Fighting       | |  1.1
Dodging        | |  1.7
Unarmed Combat | |  3.9

Action                     |  1- 3 |  4- 6 || total
---------------------------+-------+-------++-------
  Melee: Unarmed           |   124 |   158 ||   282
         Tailslap          |     7 |     9 ||    16
         Kick              |    17 |    28 ||    45
         Headbutt          |     7 |    22 ||    29
         Punch             |       |     4 ||     4
   Cast: Beastly Appendage |    21 |    28 ||    49
         Wereblood         |       |     5 ||     5
         Spider Form       |       |     1 ||     1
    Use: Scroll            |     2 |     2 ||     4
         Potion            |     1 |       ||     1
   Stab: Sleeping          |     1 |       ||     1
 Armour: Skin              |    38 |    55 ||    93
  Dodge: Dodged            |    90 |   129 ||   219
